 Dungeon Crawl Stone Soup version 0.17-a0-1945-gfe993df (webtiles) character file.

62 ololoev the Skirmisher (level 4, 0/40 HPs)
             Began as a Hill Orc Fighter on Sept 30, 2015.
             Was a Follower of Beogh.
             Slain by Sigmund
             ... wielding a +0 scythe
              (9 damage)
             ... on level 4 of the Dungeon.
             The game lasted 00:04:22 (395 turns).

ololoev the Skirmisher (Hill Orc Fighter)            Turns: 395, Time: 00:04:22

Health: 0/40       AC:  7    Str: 19    XL:     4   Next: 8%
Magic:  4/4        EV:  9    Int:  8    God:    Beogh [*.....]
Gold:   40         SH:  0    Dex: 10    Spells: 0 memorised, 3 levels left

rFire  . . .     SeeInvis .     a - +0 war axe
rCold  . . .     Clarity  .     d - +0 scale mail
rNeg   . . .     SustAt   .     (no shield)
rPois  .         Gourm    .     (no helmet)
rElec  .         Spirit   .     (no cloak)
rCorr  .         Warding  .     (no gloves)
rMut   .         Stasis   .     (no boots)
MR     +....                    (no amulet)
Stlth  ..........               (no ring)
                                m - ring of protection from magic

@: somewhat resistant to hostile enchantments, extremely unstealthy
A: no striking features
a: Renounce Religion

Inventory:

Hand weapons
 a - a +0 war axe (weapon)
 b - a +0 blowgun
Missiles
 g - 20 poisoned needles
 h - 6 curare-tipped needles
Armour
 d - a +0 scale mail (worn)
Jewellery
 m - a ring of protection from magic (left hand)
Scrolls
 j - a scroll of enchant weapon {unknown}
 k - a scroll of random uselessness {unknown}
 l - a scroll of fog {unknown}
Potions
 c - a potion of brilliance {unknown}
 i - 2 potions of might
Comestibles
 e - 2 bread rations
 f - 2 beef jerkies


   Skills:
 + Level 4.3 Fighting
 * Level 4.2 Axes
 * Level 0.8 Throwing
 + Level 3.7 Armour
   Level 3.2 Shields
 + Level 0.0 Invocations


You had 3 spell levels left.
You didn't know any spells.


You were on level 4 of the Dungeon.
You worshipped Beogh.
Beogh was aware of your devotion.
You were not hungry.

You visited 1 branch of the dungeon, and saw 4 of its levels.

You collected 40 gold pieces.

#### ##########
..... #.<......+
.....
+..##...###+##....
#+###...#........
#...'.....#
#.###.....# #+#
##....# +..@.+
#.@..# .........
.............
<............#
##########...#
...# ...#

Notes
Turn   | Place    | Note
--------------------------------------------------------------
     0 | D:1      | ololoev the Hill Orc Fighter began the quest for the Orb.
     0 | D:1      | Reached XP level 1. HP: 19/19 MP: 1/1
    49 | D:2      | Noticed Jessica
   169 | D:1      | Reached XP level 2. HP: 16/27 MP: 2/2
   216 | D:3      | Noticed Ijyb
   236 | D:3      | Killed Ijyb
   236 | D:3      | Reached skill level 4 in Fighting
   236 | D:3      | Reached XP level 3. HP: 22/33 MP: 3/3
   295 | D:3      | Found a faded altar to an unknown god.
   313 | D:3      | Became a worshipper of Beogh the Brigand
   313 | D:3      | Acquired Beogh's first power
   325 | D:3      | Reached XP level 4. HP: 27/40 MP: 4/4
   389 | D:4      | Noticed Sigmund
   395 | D:4      | Slain by Sigmund

Dungeon Overview and Level Annotations

Branches:
Dungeon (4/15)
 Temple: D:4-7

Altars:
Beogh

Annotations:
D:2 Jessica
D:4 Sigmund


Message History

Beogh accepts your kill.
You see here a giant gecko corpse.
(D) Dungeon
Where to? (? - help)
There is a stone staircase leading down here.
You climb downwards.
Found a tubular coral ring.
There is a stone staircase leading up here.
m - a tubular coral ring Put on which piece of jewellery? (? for menu, Esc to quit)
m - a ring of protection from magic (left hand)
You open the door.
Found a stone staircase leading down.
There is an open door here.
Sigmund the Dreaded comes into view.
He is wielding a scythe.
Sigmund hits you with a scythe!
Found a stone staircase leading up.
There is a stone staircase leading down, spattered with blood here.
b - a +0 blowgun (weapon)
Quiver which item? (- for none, * to show all) (? for menu, Esc to quit)
Quivering
h - 8 curare-tipped needles for blowguns.
You are too injured to fight recklessly!
Firing (i - inventory. (,) - cycle):
h - 8 curare-tipped needles (quivered)
Press: ? - help, Shift-Dir - straight line, f - Sigmund
Aim: Sigmund, wielding a scythe and wearing a robe You shoot a curare-tipped needle.
The curare-tipped needle hits Sigmund.
Sigmund is poisoned.
Sigmund convulses.
Sigmund seems to slow down.
Sigmund is lightly wounded.
Sigmund points at you and mumbles some strange words.
The puff of flame hits you!
Firing (i - inventory. (,) - cycle):
h - 7 curare-tipped needles (quivered)
Press: ? - help, Shift-Dir - straight line, f/p - Sigmund
Aim: Sigmund, wielding a scythe and wearing a robe (lightly wounded, slow, poisoned)
You shoot a curare-tipped needle. The curare-tipped needle hits Sigmund.
Sigmund looks even sicker.
Sigmund convulses.
Sigmund seems to be slow for longer.
Sigmund is moderately wounded.
a - a +0 war axe (weapon)
Sigmund hits you with a scythe!
You die...

You could see Sigmund.

Vanquished Creatures
  Ijyb (D:3)
  An adder (D:3)
  2 worms (D:3)
  2 giant geckos (D:3)
  An orc (D:3)
  2 bats
  A goblin (D:1)
  A hobgoblin (D:1)
  A giant newt (D:1)
  4 kobolds
  4 rats
20 creatures vanquished.

Action                   |  1- 3 |  4- 6 || total
-------------------------+-------+-------++-------
Melee: War axe           |    52 |    10 ||    62
 Fire: Blowgun           |       |     2 ||     2
  Use: Potion            |     1 |       ||     1

Vault maps used:
D:1:      lemuel_arrival_muddy
D:2:      old_standard_altar, dk_noncrumbling_2, minmay_misc_feat_room,
          uniq_jessica
D:3:      ecumenical_altar_2, uniq_iyjb
D:4:      minmay_temple_entry_fiery, bloody_makhleb, uniq_sigmund
